Map: Data-C

Players

A.I. 2 (Very Easy)

  • Race: Zerg Zerg

StimRaynorQC

  • Race: Terran Terran
  • League: Gold
  • Spawn Location: 3:00

Invincible

  • Race: Terran Terran
  • League: Diamond
  • Spawn Location: 9:00

VOD

Have the link to the VOD?

Description

Time

  • Played on: Nov. 30, 2022, 12:32 a.m.
  • Length: 8:31
Show
View Real Time Build Order
Export as new Build Order

A.I. 2 (Very Easy) Zerg 

Build Orders:  

Get SALT Encoding   

Show
View Real Time Build Order
Export as new Build Order

StimRaynorQC Terran 

Build Orders:  

Get SALT Encoding   

  12  0:00  Drone  
  13  0:12  Overlord  
  13  0:16  Drone  
  14  0:38  Spawning Pool  
  14  0:39  Extractor  
  14  0:40  Drone  
  13  0:47  Drone  
  14  0:53  Overlord  
  14  1:24  Queen  
  14  1:25  Zergling x2  
  17  1:33  Roach Warren  
  17  1:36  Drone  
  17  1:40  Extractor  
  17  1:44  Drone  
  17  1:51  Zergling x2  
  18  2:04  Drone  
  19  2:11  Drone  
  20  2:16  Zergling x2  
  20  2:19  Drone  
  22  2:30  Overlord  
  22  2:35  Drone  
  23  2:42  Drone, Roach  
  26  2:49  Drone  
  27  7:04  Drone  
  27  7:05  Overlord, Roach, Lair  
  30  7:11  Drone  
  30  7:12  Hatchery  
  27  7:19  Drone  
  26  7:26  Drone  
  27  7:33  Drone  
  28  7:42  Roach  
  26  8:02  Overseer  
  26  8:03  Overseer  
  26  8:04  Overlord  
  28  8:25  Extractor  
Show
View Real Time Build Order
Export as new Build Order

Invincible Terran 

Build Orders: Reaper Expand, Hellion Banshee 

Get SALT Encoding   

  12  0:00  SCV  
  13  0:12  SCV  
  14  0:17  Supply Depot  
  14  0:24  SCV  
  15  0:38  SCV  
  15  0:40  Barracks  
  16  0:45  Refinery  
  16  0:51  SCV  
  17  1:03  SCV  
  18  1:15  SCV  
  19  1:27  Reaper  
  19  1:28  Orbital Command  
  20  1:42  Command Center  
  20  1:48  Supply Depot  
  21  1:54  SCV  
  21  2:00  Marine  
  22  2:06  SCV  
  23  2:09  Factory  
  23  2:18  SCV  
  24  2:22  Barracks Reactor  
  24  2:30  SCV  
  25  2:42  Command Center, SCV  
  26  2:53  Orbital Command  
  26  3:03  Starport  
  26  3:09  Refinery  
  27  3:12  SCV  
  27  3:13  Hellion  
  27  3:14  Hellion  
  27  3:17  Barracks Tech Lab  
  31  3:20  SCV  
  31  3:26  SCV  
  33  3:35  Hellion  
  33  3:36  SCV, Hellion  
  33  3:38  SCV  
  39  3:47  Barracks Tech Lab  
  39  3:48  Banshee, SCV  
  40  3:50  SCV  
  44  3:55  Orbital Command  
  44  4:00  SCV  
  44  4:02  Cloaking Field  
  45  4:05  SCV  
  45  4:08  Marine  
  47  4:12  SCV  
  47  4:14  Hellion x2  
  52  4:17  SCV  
  52  4:19  Supply Depot  
  53  4:24  SCV x2  
  53  4:27  Marine  
  53  4:31  Banshee  
  56  4:32  Orbital Command  
  56  4:35  Supply Depot  
  59  4:41  SCV, Barracks  
  59  4:42  Barracks  
  60  4:47  Factory Tech Lab, Marine  
  60  4:48  Stimpack  
  61  4:53  SCV x2  
  61  4:56  Supply Depot  
  61  4:58  Supply Depot  
  61  4:59  Refinery x2  
  63  5:04  SCV  
  63  5:05  Marine  
  65  5:09  Engineering Bay  
  65  5:10  Engineering Bay  
  65  5:11  SCV x2  
  67  5:19  Siege Tank  
  70  5:22  SCV  
  70  5:23  Marine  
  70  5:26  SCV  
  70  5:27  SCV  
  74  5:31  Starport Reactor  
  74  5:34  SCV  
  75  5:36  Barracks  
  75  5:37  Barracks  
  75  5:38  Terran Infantry Weapons Level 1  
  75  5:39  SCV, Marine  
  75  5:40  Marine  
  78  5:45  Marine  
  78  5:46  Marine  
  78  5:47  Combat Shield  
  80  5:51  SCV x2  
  80  5:53  Supply Depot  
  82  5:57  Marine  
  82  5:59  Terran Infantry Armor Level 1  
  82  6:00  Marine  
  82  6:03  Bunker  
  84  6:05  SCV x3  
  84  6:06  Supply Depot  
  87  6:11  Supply Depot  
  87  6:14  Marine x2  
  87  6:15  Marine  
  87  6:17  SCV  
  91  6:18  Marine  
  91  6:20  Medivac x2  
  91  6:21  SCV x2  
  91  6:24  Barracks Tech Lab, Barracks Reactor  
  98  6:32  Marine x2  
  100  6:34  Supply Depot  
  100  6:35  SCV x2  
  100  6:36  Supply Depot  
  100  6:38  Siege Tank  
  105  6:42  Marine x2  
  105  6:43  Marauder  
  105  6:47  SCV  
  110  6:50  Marine  
  111  6:56  Marine  
  111  6:58  SCV x2  
  111  7:00  Marine x2  
  116  7:03  Armory, Marine x3  
  116  7:08  Marine  
  120  7:11  Concussive Shells  
  120  7:14  Marine  
  121  7:16  Medivac  
  121  7:17  SCV  
  121  7:18  Marine x2  
  121  7:21  Command Center, Marine x2  
  121  7:22  Marauder  
  130  7:31  SCV x2  
  130  7:32  Supply Depot  
  130  7:35  Marine  
  133  7:42  Supply Depot  
  133  7:47  Supply Depot  
  133  7:48  Supply Depot  
  133  7:53  Marauder, Marine x5  
  133  7:54  Marine  
  141  8:00  Supply Depot  
  141  8:02  Supply Depot  
  144  8:11  Supply Depot, Marine x4  
  144  8:12  Supply Depot  
  150  8:13  Supply Depot  
  150  8:16  Supply Depot  
Tags
 
Add a new tag
Caveats
  • Supply blocks, unpowered buildings, or Contaminate may cause inaccurate times.
  • Supply counts are checked every 10 seconds.